 Dungeon Crawl Stone Soup version 0.29.0-4-gdea44cf6ec (webtiles) character file.

Game seed: 13563848096299338123

23 qw the Chopper (level 2, -5/17 HPs)
             Began as a Tengu Warper on Aug 28, 2022.
             Slain by Sigmund
             ... wielding a +0 scythe
              (9 damage)
             ... on level 2 of the Dungeon.
             The game lasted 00:00:05 (772 turns).

qw the Chopper (Tengu Warper)                        Turns: 772, Time: 00:00:05

Health: -5/17      AC:  5    Str: 11    XL:     2   Next: 95%
Magic:  6/6        EV: 10    Int: 13    God:
Gold:   62         SH:  0    Dex: 13    Spells: 5/5 levels left

rFire   + . .      SeeInvis .   Y - +0 hand axe
rCold   + . .      Faith    .   (no shield)
rNeg    . . .      Spirit   .   i - +0 ring mail
rPois   .          Reflect  .   (helmet restricted)
rElec   .          Harm     .   f - scarf {rC+ rF+}
rCorr   .          Rampage  .   (no gloves)
Will    .....                   (boots unavailable)
Stlth   +.........              (no amulet)
HPRegen 0.05/turn               (no ring)
MPRegen 0.10/turn               (no ring)

@: no status effects
A: beak, talons 3
a: no special abilities


You were on level 2 of the Dungeon.
You visited 1 branch of the dungeon, and saw 2 of its levels.

You collected 62 gold pieces.


Innate Abilities, Weirdness & Mutations

You have a beak for a mouth.
You have claws for feet.


   Skills:
 - Level 2.0 Fighting
 + Level 3.7 Axes
 - Level 1.0 Throwing
 - Level 1.1 Armour
 - Level 2.1 Dodging
 - Level 2.0 Spellcasting
 - Level 2.4 Translocations


You had 5 spell levels left.
You didn't know any spells.
Your spell library contained the following spells:

 Spells                   Type           Power      Damage    Failure   Level
 Blink                    Tloc           14%        N/A       34%         2
 Gell's Gravitas          Tloc           7%         N/A       56%         3
 Lesser Beckoning         Tloc           7%         N/A       56%         3
 Teleport Other           Tloc           7%         N/A       56%         3
 Manifold Assault         Tloc           7%         N/A       99%         5

Inventory:

Hand Weapons
 d - a +0 club
 Y - a +0 hand axe (weapon)
Armour
 b - a +0 pair of gloves
 f - a scarf of resistance (worn)
 i - a +0 ring mail (worn)
Scrolls
 a - a scroll of identify
Potions
 e - a potion of might {unknown}
 h - a potion of attraction {unknown}
 j - a potion of curing {unknown}

Dungeon Overview and Level Annotations

Branches:
Dungeon (2/15)

Altars:

Shops:
D:1 (

Annotations:
D:2 Sigmund


Message History

You now have 62 gold pieces (gained 9).
b - a +0 pair of gloves
Enter note: Sigmund the Dreaded comes into view.
He is wielding a +0 scythe and wearing a +2 robe of resistance.
Sigmund shouts!
Sigmund gestures at you while chanting.
You are confused.
You bump into the rock wall.
You bump into the rock wall.
Sigmund points at you and mumbles some strange words.
You are more confused.
You bump into the rock wall.
Sigmund gestures at you while chanting.
You are more confused.
You bump into the rock wall.
Sigmund hits you but does no damage.
You hit Sigmund but do no damage. Your kick misses Sigmund.
Sigmund closely misses you.
You closely miss Sigmund. You claw Sigmund.
Sigmund is lightly wounded.
Sigmund hits you with a +0 scythe.
You hit Sigmund. Your peck misses Sigmund.
Sigmund is moderately wounded.
You bump into the rock wall.
Sigmund closely misses you.
You bump into the rock wall.
Sigmund barely misses you.
You closely miss Sigmund.
Sigmund is moderately wounded.
Sigmund casts a spell at you. You resist with significant effort.
Sigmund hits you with a +0 scythe!
Ouch! That really hurt!
You hit Sigmund. You peck Sigmund.
Sigmund is heavily wounded.
You hit Sigmund. Your kick misses Sigmund. You peck Sigmund, but do no damage.
Sigmund is severely wounded.
You feel less confused. Sigmund hits you with a +0 scythe!
Ouch! That really hurt!
You die...

........#.########
..........#
..#####..## ##.##
##..# #### #..## #
.....##.####....
###..........#########
........######@@......
###...#........######.
...#..########## ..#
#..... .# ##... # ##..


You could see Sigmund.

Vanquished Creatures
  A dart slug (D:1)
  3 bats (D:1)
  3 endoplasms (D:1)
  2 kobolds (D:1)
  A quokka (D:1)
  A ball python (D:1)
  A frilled lizard (D:1)
  4 goblins (D:1)
  3 rats
19 creatures vanquished.

Notes
Turn   | Place    | Note
-------+----------+-------------------------------------------
     0 | D:1      | qw the Tengu Warper began the quest for the Orb.
     0 | D:1      | Reached XP level 1. HP: 12/12 MP: 4/4
     0 | D:1      | 0 ||| qw: Version: 0.1-a-89-g26bdef1
     0 | D:1      | 0 ||| qw: Game counter: 1374
     0 | D:1      | 0 ||| qw: Always use a shield: true
     0 | D:1      | 0 ||| qw: God list: Okawaru
     0 | D:1      | 0 ||| qw: Allow faded altars: false
     0 | D:1      | 0 ||| qw: Do Orc after D:15 true
     0 | D:1      | 0 ||| qw: Do second Lair branch before Depths: true
     0 | D:1      | 0 ||| qw: Lair rune preference: random
     0 | D:1      | 0 ||| qw: Plans: Normal
     0 | D:1      | 0 ||| PLANNING D:1-11
    34 | D:1      | Found a faded altar of an unknown god.
   149 | D:1      | Reached XP level 2. HP: 17/17 MP: 6/6
   155 | D:1      | Found Codufal's Antique Weapon Boutique.
   168 | D:1      | Reached skill level 3 in Axes
   243 | D:1      | 243 ||| SHOPLISTING mace (57 gold, have 11).
   243 | D:1      | 243 ||| SHOPLISTING war axe (66 gold, have 11).
   243 | D:1      | 243 ||| SHOPLISTING whip (47 gold, have 11).
   337 | D:1      | 337 ||| Stepping ~*~*~tactically~*~*~ (stealth).
   339 | D:1      | 339 ||| Stepping ~*~*~tactically~*~*~ (stealth).
   341 | D:1      | 341 ||| Stepping ~*~*~tactically~*~*~ (stealth).
   342 | D:1      | 342 ||| Stepping ~*~*~tactically~*~*~ (stealth).
   343 | D:1      | 343 ||| Stepping ~*~*~tactically~*~*~ (stealth).
   344 | D:1      | 344 ||| Stepping ~*~*~tactically~*~*~ (stealth).
   346 | D:1      | 346 ||| Stepping ~*~*~tactically~*~*~ (stealth).
   431 | D:1      | 431 ||| Stepping ~*~*~tactically~*~*~ (hiding).
   662 | D:1      | 662 ||| UPGRADING to scarf of resistance.
   667 | D:1      | 667 ||| UPGRADING to +0 ring mail.
   677 | D:1      | 677 ||| DROPPING +0 leather armour.
   678 | D:1      | 678 ||| READING 2 scrolls labelled NYSIDUA GOIRCH.
   679 | D:1      | 679 ||| DROPPING scroll of blinking.
   756 | D:2      | Noticed Sigmund
   770 | D:2      | HP: 4/17 [Sigmund/+0 scythe (9)]
   772 | D:2      | Slain by Sigmund

Levels and vault maps discovered:
D:1:      enne_arrival_octagon_isle, layout_rooms, serial_shops, shop,
          nicolae_ecumenical_lake_church, minmay_heptomino_w4
D:2:      layout_rooms, serial_co_window_serial, co_window_paths_b,
          co_window_paths_a, co_window_of_opportunity_a, co_window_corner_a,
          co_window_corner_a, co_window_corner_a, co_window_of_opportunity_a,
          co_window_corner_ca, co_window_2corner, co_window_corner_b,
          co_window_corner_ca, due_unseen_surprise, uniq_jessica, uniq_natasha,
          uniq_sigmund

Skill      XL: |  1  2 |
---------------+-------+-----
Axes           | 3 |  3.7
Fighting       | |  2.0
Throwing       | |  1.0
Armour         | |  1.1
Dodging        | |  2.1
Spellcasting   | |  2.0
Translocations | |  2.4

Action                   || total
-------------------------++-------
Melee: Hand axe          ||    34
       Peck              ||     6
       Kick              ||     7
Throw: Boomerang         ||     7
  Use: Scroll            ||     1
Armor: Leather armour    ||     3
       Ring mail         ||     1
Dodge: Dodged            ||    10

Table legend:
 A = Non-vault XP
 B = Vault XP
 C = Vault XP percentage of total XP
 D = Non-vault monster count
 E = Vault monster count
 F = Vault count percentage of total count
                 A         B        C        D         E       F
            +---------+---------+-------+---------+---------+-------
      Total |      25 |       8 |  24.2 |      14 |       5 |  26.3
            +---------+---------+-------+---------+---------+-------
        D:1 |      24 |       8 |  25.0 |      13 |       5 |  27.8
        D:2 |       1 |       0 |   0.0 |       1 |       0 |   0.0
            +---------+---------+-------+---------+---------+-------
